 Dungeon Crawl Stone Soup version 0.29.0-4-gdea44cf6ec (webtiles) character file.

Game seed: 14753735027315881522

53466 greasedhog the Gargoyle Cataclysm (level 14, -13/88 HPs)
             Began as a Gargoyle Fighter on Aug 27, 2022.
             Was a High Priest of Qazlal.
             Mangled by an orc knight
             ... wielding a +2 bardiche
              (26 damage)
             ... on level 1 of the Orcish Mines.
             The game lasted 00:28:59 (23221 turns).

greasedhog the Gargoyle Cataclysm (GrFi)           Turns: 23221, Time: 00:29:00

Health: -13/88     AC: 35    Str: 33    XL:     14   Next: 68%
Magic:  17/25      EV: 10    Int: 13    God:    Qazlal [*****.]
Gold:   1395       SH: 11    Dex:  9    Spells: 13/13 levels left

rFire   . . .      SeeInvis .   g - +0 flail (drain)
rCold   x . .      Faith    .   c - +0 buckler
rNeg    + + +      Spirit   .   K - +0 plate armour
rPois   ∞          Reflect  .   (no helmet)
rElec   +          Harm     .   I - +1 cloak
rCorr   .          Rampage  .   m - +0 pair of gloves
Will    +....                   L - +2 pair of boots "Feubussi" {Str+3}
Stlth   ..........              v - amulet of magic regeneration
HPRegen 0.24/turn               x - ring "Launiah" {rC- rN++ Int+3 Slay+4 Stlth+}
MPRegen 0.59/turn               J - +6 ring of strength

@: protected from physical damage, flying, studying 2 skills, invisible, repel
missiles
A: sickness immunity, AC +10, big wings, negative energy resistance 1,
electricity resistance, torment resistance 1, petrification resistance
a: Renounce Religion, Upheaval, Elemental Force, Disaster Area


You were on level 1 of the Orcish Mines.
You worshipped Qazlal.
Qazlal was extremely pleased with you.
You visited 4 branches of the dungeon, and saw 17 of its levels.
You also visited: Ossuary.

You collected 2150 gold pieces.
You spent 755 gold pieces at shops.

Inventory:

Hand Weapons
 a - a +0 mace of holy wrath
 d - a +2 flail of protection
 g - a +0 flail of draining (weapon)
 B - the +5 flail "Qoalutso" {vorpal, +Blink Int+4}
   (You bought it in a shop on level 7 of the Dungeon)

   It inflicts extra damage upon your enemies.
   Int:       It affects your intelligence (+4).
   +Blink:    It lets you blink.
Armour
 c - a +0 buckler (worn)
 m - a +0 pair of gloves (worn)
 I - a +1 cloak (worn)
 K - a +0 plate armour (worn)
 L - the +2 pair of boots "Feubussi" (worn) {Str+3}
   (You found it on level 2 of the Lair of Beasts)

   Str:       It affects your strength (+3).
 T - +0 pearl dragon scales
Jewellery
 v - an amulet of magic regeneration (around neck)
 x - the ring "Launiah" (left hand) {rC- rN++ Int+3 Slay+4 Stlth+}
   (You acquired it on level 7 of the Dungeon)

   [ring of slaying]

   Int:       It affects your intelligence (+3).
   Slay:      It affects your accuracy & damage with ranged weapons and melee
   (+4).
   rC:        It makes you vulnerable to cold.
   rN:        It greatly protects you from negative energy.
   Stlth:     It makes you more stealthy.
 J - a +6 ring of strength (right hand)
 P - a ring of resist corrosion
Wands
 q - a wand of flame (26)
 A - a wand of acid (11)
 D - a wand of iceblast (1)
 F - a wand of mindburst (5)
 H - a wand of polymorph (2)
 O - a wand of digging (8)
Scrolls
 b - 2 scrolls of amnesia
 i - 5 scrolls of enchant weapon
 j - 4 scrolls of blinking
 k - 3 scrolls of magic mapping
 o - 5 scrolls of poison
 p - 5 scrolls of fear
 s - a scroll of immolation
 t - 4 scrolls of enchant armour
 u - a scroll of silence
 y - 3 scrolls of vulnerability
 z - 6 scrolls of teleportation
 M - 9 scrolls of identify
 Q - a scroll of fog
 R - a scroll of summoning
Potions
 e - 8 potions of curing
 f - a potion of magic
 l - 4 potions of brilliance
 n - 3 potions of ambrosia
 r - 5 potions of mutation
 w - 2 potions of cancellation
 C - 2 potions of attraction
 E - 2 potions of haste
 G - 4 potions of heal wounds
 N - a potion of flight
 S - a potion of might


   Skills:
 - Level 10.0 Fighting
 - Level 12.0 Maces & Flails
 - Level 10.0 Armour
 * Level 8.8 Dodging
 - Level 3.4 Shields
 * Level 15.2 Invocations
 - Level 10.4 Evocations


You had 13 spell levels left.
You didn't know any spells.
Your spell library contained the following spells:

 Spells                   Type           Power      Damage    Failure   Level
 Magic Dart               Conj           0%         1d3       94%         1
 Call Imp                 Summ           0%         N/A       98%         2
 Conjure Flame            Conj/Fire      0%         6-21      100%        3
 Dazzling Flash           Conj/Hex       0%         N/A       100%        3
 Gell's Gravitas          Tloc           0%         N/A       100%        3
 Ignite Poison            Fire/Tmut/Pois 0%         N/A       100%        3
 Lesser Beckoning         Tloc           0%         N/A       100%        3
 Mephitic Cloud           Conj/Pois/Air  0%         N/A       100%        3
 Teleport Other           Tloc           0%         N/A       100%        3
 Cause Fear               Hex            0%         N/A       100%        4
 Iskenderun's Mystic Bla  Conj/Tloc      0%         2d3       100%        4
 Sticky Flame             Conj/Fire      0%         2d3       100%        4
 Alistair's Intoxication  Tmut/Pois      0%         N/A       100%        5
 Borgnjor's Vile Clutch   Necr/Erth      0%         N/A       100%        5
 Conjure Ball Lightning   Conj/Air       0%         3x3d6     100%        6
 Eringya's Noxious Bog    Tmut/Pois      0%         N/A       100%        6
 Starburst                Conj/Fire      0%         6d3       100%        6
 Dragon Form              Tmut           0%         N/A       100%        7
 Malign Gateway           Summ/Tloc      0%         N/A       100%        7
 Discord                  Hex            0%         N/A       100%        8
 Disjunction              Tloc           0%         N/A       100%        8
 Summon Horrible Things   Summ           0%         N/A       100%        8
 Dragon's Call            Summ           0%         N/A       100%        9


Dungeon Overview and Level Annotations

Branches:
Dungeon (10/15)            Temple (1/1) D:5            Lair (5/5) D:8
 Shoals (0/4) Lair:2       Spider (0/4) Lair:2        Slime (0/5) Lair:4
    Orc (1/2) D:10        Ossuary (visited)

Altars:
Ashenzari
Cheibriados
Dithmenos
Elyvilon
Fedhas
Gozag
Hepliaklqana
Kikubaaqudgha
Makhleb
Nemelex Xobeh
Okawaru
Qazlal
Ru
Sif Muna
Trog
Uskayaw
Vehumet
Wu Jian
Xom
Yredelemnul
Zin
The Shining One

Shops:
D:7 (   Orc:1 ([:

Annotations:
D:6 1 runed translucent door, gelatine's ghost, novice DgGl
Lair:3 3 runed translucent doors, Ruicvywi's ghost, journeyman OgTm
Orc:1 1 transporter


Innate Abilities, Weirdness & Mutations

You are immune to sickness and miasma.
Your stone body is resilient. (AC +10)
You are immune to poison.
Your large and strong wings let you fly.
You resist negative energy. (rN+)
You are resistant to electric shocks. (rElec)
You are resistant to unholy torment.
You are immune to petrification.


Message History

The hellwing is lightly wounded.
The blast of ice hits the sun demon!!!
The sun demon is frozen!
The sun demon is almost dead.
The sun demon is flash-frozen.
The blast of ice hits the orc knight!!
The orc knight is almost dead.
The orc knight is flash-frozen.
The blast of magma engulfs the ice devil!!!
The ice devil is burned terribly!
You kill the ice devil!
The ice devil disappears in a puff of smoke!
The blast of magma engulfs the two-headed ogre!!
The two-headed ogre is heavily wounded.
The blast of magma engulfs the orc knight!!
You kill the orc knight!
Qazlal accepts your kill.
The blast of magma engulfs the orc knight!!
The orc knight is almost dead.
The blast of ice hits the orc wizard!!!
You kill the orc wizard!
Qazlal accepts your kill.
The blast of ice hits something!!
The blast of magma engulfs the orc knight!!
The orc knight is moderately wounded.
The blast of magma engulfs the two-headed ogre!!!
You kill the two-headed ogre!
Qazlal accepts your kill.
The blast of magma engulfs the orc priest!!!
You kill the orc priest!
Qazlal accepts your kill.
The blast of magma engulfs the hellwing!!
The hellwing is severely wounded.
The sun demon shouts!
The two-headed ogre is engulfed in seething chaos.
The two-headed ogre seems to grow stronger.
The two-headed ogre hits you with a +0 giant club!
You feel more protected from physical attacks.
The two-headed ogre hits you with a +0 giant spiked club!
* * * LOW HITPOINT WARNING * * *
The orc knight hits you from afar with a +2 bardiche!!
You die...

...#..### ##..##
....... #...#
..... ###..
###..$# ##.
#..©..# #..
########### ###..
#....©....##
##....
#...#####.○.#
#....# #...
#3#@)§.# #...##
#.#≈≈4)≈O°#.#
##...#
#.##$8o8≈##.#
###.. #.#≈))_§≈o
©# #...
#.##.8)8o##.# ##..
#.#[..3§[≈#.###
#...
#....#$#≈?..#.###
##...
#...#####.o.#...##
#....
oooooo.oo##....#
##..##


You could see 2 orc knights, an orc high priest (strong, unable to see you), a
two-headed ogre (strong, unable to see you), a sun demon (summoned, wandering,
unable to see you, frozen) and a hellwing (summoned, unable to see you).

Vanquished Creatures
  A fire dragon (Lair:5)
  3 hydras
  Erica (D:8)
  A two-headed ogre (Orc:1)
  7 death yaks (Lair:4)
  An orc high priest (Orc:1)
  2 lindwurms
  Pikel (D:7)
  An orc knight (Orc:1)
  A wolf spider (Lair:5)
  A necromancer (Lair:2)
  An orc sorcerer (Orc:1)
  11 elephants
  A merfolk siren (Lair:2)
  A guardian serpent (Lair:5)
  6 torpor snails (Lair:5)
  11 black mambas
  Maurice (D:9)
  18 cane toads
  3 rime drakes
  8 komodo dragons
  4 tyrant leeches (Lair:5)
  2 polar bears
  Grinder (D:5)
  9 hornets
  14 blink frogs
  Prince Ribbit (D:6)
  7 dream sheep (Lair:5)
  A shadow (D:10)
  2 basilisks
  37 yaks
  13 wyverns
  5 steam dragons
  8 redbacks
  Edmund (D:4)
  2 acid dragons
  18 water moccasins
  5 black bears
  An ice beast (D:6)
  8 orc warriors
  An ogre (Orc:1)
  9 wolves
  3 centaurs
  4 lemures (D:7)
  2 kobold brigands
  A phantom (D:4)
  3 scorpions
  4 necrophages
  10 bullfrogs
  A water moccasin zombie (Ossuary)
  9 wights
  15 killer bees
  5 electric eels
  2 vampire bats (D:3)
  8 howler monkeys
  2 lava snakes (Lair:5)
  A hound (D:4)
  A jelly (D:5)
  A gnoll bouda (D:9)
  9 orc priests
  8 iguanas
  6 hell rats (Lair:1)
  12 orc wizards
  5 polar bear simulacra (Lair:2)
  2 yak simulacra (Lair:2)
  A wolf simulacrum (Lair:2)
  2 mummies (Ossuary)
  13 gnolls
  12 adders
  4 white imps
  An ufetubus (D:5)
  4 adder zombies (Ossuary)
  2 worms (D:4)
  A dart slug (D:4)
  29 orcs
  4 bats
  4 bat skeletons (D:3)
  A bat zombie (D:3)
  3 endoplasms
  A giant cockroach (D:1)
  4 goblins
  8 hobgoblins
  7 jackals (D:3)
  13 kobolds
  A quokka (D:1)
  6 ball pythons
  5 frilled lizards
  4 gnoll zombies (Ossuary)
  A hobgoblin zombie (Ossuary)
  3 kobold zombies (Ossuary)
  4 orc zombies (Ossuary)
  A quokka zombie (D:7)
  6 rats (D:1)
  A rat zombie (D:7)
  3 river rat simulacra (Lair:2)
493 creatures vanquished.

Vanquished Creatures (collateral kills)
  A frilled lizard (D:2)
1 creature vanquished.

Vanquished Creatures (others)
  A butterfly (D:8)
  37 fungi
  115 plants
153 creatures vanquished.

Grand Total: 647 creatures vanquished

Notes
Turn   | Place    | Note
-------+----------+-------------------------------------------
     0 | D:1      | greasedhog the Gargoyle Fighter began the quest for the
                  | Orb.
     0 | D:1      | Reached XP level 1. HP: 14/14 MP: 1/1
   642 | D:1      | Reached XP level 2. HP: 19/19 MP: 2/2
   798 | D:1      | You fall into a shaft and drop 1 floor!
  1377 | D:1      | Reached XP level 3. HP: 21/24 MP: 3/3
  1906 | D:2      | Identified the +1 robe "Meih" {*Slow rElec rC+}
  2747 | D:2      | Reached XP level 4. HP: 4/30 MP: 4/4
  3208 | D:3      | Found a faded altar of an unknown god.
  3318 | D:3      | Found an ancient bone altar of Kikubaaqudgha.
  3321 | D:3      | Reached skill level 5 in Fighting
  3321 | D:3      | Reached XP level 5. HP: 35/35 MP: 5/5
  3552 | D:3      | Found a hide-covered altar of Uskayaw.
  3850 | D:4      | Reached XP level 6. HP: 34/40 MP: 6/6
  4245 | D:4      | Reached skill level 5 in Maces & Flails
  4328 | D:4      | Found a burning altar of Makhleb.
  4338 | D:4      | Reached skill level 5 in Armour
  4338 | D:4      | Reached XP level 7. HP: 42/44 MP: 7/7
  4356 | D:4      | Noticed Edmund
  4379 | D:4      | Killed Edmund
  4380 | D:4      | Reached skill level 1 in Dodging
  4858 | D:4      | Identified a scroll of acquirement
  4860 | D:4      | Acquired a manual of Fighting
  5150 | D:4      | Reached XP level 8. HP: 31/49 MP: 8/8
  5888 | D:5      | Entered Level 5 of the Dungeon
  6080 | D:5      | Found a staircase to the Ecumenical Temple.
  6200 | Temple   | Entered the Ecumenical Temple
  6398 | Temple   | Became a worshipper of Qazlal Stormbringer
  7631 | D:6      | Reached XP level 9. HP: 54/54 MP: 9/9
  7644 | D:6      | Reached * piety under Qazlal
  7645 | D:6      | Reached skill level 5 in Dodging
  7756 | D:6      | Found a runed translucent door.
  7756 | D:6      | Noticed gelatine's ghost (novice DgGl)
  8149 | D:6      | Found a glowing golden altar of the Shining One.
  8149 | D:6      | Found a glowing silver altar of Zin.
  8172 | D:6      | Found a sparkling altar of Nemelex Xobeh.
  8228 | D:6      | Noticed Grinder
  8228 | D:6      | Noticed Prince Ribbit
  8243 | D:5      | Paralysed by Grinder for 5 turns
  8254 | D:5      | Paralysed by Grinder for 4 turns
  8261 | D:5      | Killed Grinder
  8262 | D:5      | Reached skill level 2 in Invocations
  8283 | D:6      | Killed Prince Ribbit
  8530 | D:7      | Acquired the ring "Launiah" {rC- rN++ Int+3 Slay+4 Stlth+}
  8533 | D:7      | Acquired a manual of Armour
  8535 | D:7      | Acquired 416 gold pieces
  8548 | D:7      | Found a sand-covered staircase.
  8561 | Ossuary  | Entered an ossuary
  8599 | Ossuary  | Reached skill level 3 in Invocations
  8906 | D:7      | Reached skill level 4 in Invocations
  8926 | D:7      | Reached ** piety under Qazlal
  9112 | D:7      | Found Etyvoclo's Antique Weapon Boutique.
  9116 | D:7      | Noticed Pikel
  9117 | D:7      | Bought a steaming flail for 263 gold pieces
  9117 | D:7      | Identified the +5 flail "Qoalutso" {vorpal, +Blink Int+4}
                  | (You bought it in a shop on level 7 of the Dungeon)
  9164 | D:7      | Killed Pikel
  9165 | D:7      | Reached skill level 10 in Maces & Flails
  9165 | D:7      | Reached skill level 5 in Invocations
  9165 | D:7      | Reached XP level 10. HP: 57/59 MP: 12/14
  9363 | D:7      | Found a snail-covered altar of Cheibriados.
  9363 | D:7      | Found a bloodstained altar of Trog.
  9582 | D:8      | Found a staircase to the Lair.
  9773 | D:8      | Reached skill level 6 in Invocations
 10108 | D:8      | Found a shimmering altar of Xom.
 10150 | D:8      | Reached skill level 7 in Invocations
 10544 | D:8      | Noticed Erica
 10573 | D:8      | Killed Erica
 10871 | D:8      | Found a white marble altar of Elyvilon.
 10977 | D:9      | Reached skill level 8 in Invocations
 11179 | D:9      | Reached XP level 11. HP: 40/64 MP: 17/17
 11372 | D:9      | Noticed Maurice
 11417 | D:9      | Killed Maurice
 11650 | D:9      | Reached *** piety under Qazlal
 11651 | D:9      | Reached skill level 1 in Evocations
 12216 | D:10     | Entered Level 10 of the Dungeon
 12217 | D:10     | Found a shadowy altar of Dithmenos.
 12864 | D:10     | Found a staircase to the Orcish Mines.
 13349 | D:10     | Found a broken altar of Ashenzari.
 13355 | D:10     | Saw a vision of the Shoals and the Spider Nest.
 13355 | D:10     | Noticed a wolf spider
 13355 | D:10     | Noticed a merfolk impaler
 13355 | D:10     | Noticed a moth of wrath
 13355 | D:10     | Noticed a cyclops
 13355 | D:10     | Noticed a wolf spider
 13356 | D:10     | Noticed a manticore
 13357 | D:10     | Noticed a pharaoh ant
 13520 | Lair:1   | Entered Level 1 of the Lair of Beasts
 13547 | Lair:1   | Reached skill level 10 in Fighting
 13857 | Lair:1   | Reached skill level 5 in Evocations
 14220 | Lair:1   | Reached XP level 12. HP: 63/77 MP: 18/18
 14480 | Lair:1   | Reached **** piety under Qazlal
 14898 | Lair:2   | Found a frozen archway.
 15026 | Lair:2   | Reached skill level 10 in Armour
 15165 | Lair:2   | Found a hole to the Spider Nest.
 15321 | Lair:2   | Identified the +2 pair of boots "Feubussi" {Str+3}
 15450 | Lair:2   | Found a staircase to the Shoals.
 15456 | Lair:2   | Reached skill level 9 in Invocations
 15568 | Lair:2   | Noticed a four-headed hydra
 15579 | Lair:2   | Killed a four-headed hydra
 16425 | Lair:3   | Noticed a seven-headed hydra
 16446 | Lair:2   | Killed a seven-headed hydra
 16594 | Lair:2   | Reached skill level 10 in Invocations
 16813 | Lair:3   | Found a runed translucent gate.
 16814 | Lair:3   | Found a runed translucent gate.
 16815 | Lair:3   | Found a runed translucent gate.
 16824 | Lair:3   | Noticed an eight-headed hydra
 16831 | Lair:3   | Killed an eight-headed hydra
 17159 | Lair:3   | Reached skill level 11 in Invocations
 17332 | Lair:3   | Reached XP level 13. HP: 80/82 MP: 21/21
 17393 | Lair:3   | Reached ***** piety under Qazlal
 17850 | Lair:3   | Noticed Ruicvywi's ghost (journeyman OgTm)
 18779 | Lair:4   | You fall into a shaft and drop 1 floor!
 18779 | Lair:5   | Entered Level 5 of the Lair of Beasts
 18786 | Lair:5   | Reached skill level 12 in Invocations
 18793 | Lair:5   | Reached skill level 10 in Evocations
 19182 | Lair:4   | Reached skill level 13 in Invocations
 19435 | Lair:4   | Found a staircase to the Slime Pits.
 20169 | Lair:4   | Gained mutation: Your large and strong wings let you fly.
                  | [Gargoyle growth]
 20169 | Lair:4   | Reached XP level 14. HP: 88/88 MP: 24/24
 20367 | Lair:4   | Reached skill level 14 in Invocations
 20994 | Lair:5   | Acquired a ring of resist corrosion
 22095 | Lair:5   | Found a runed translucent door.
 22242 | Lair:5   | Reached skill level 15 in Invocations
 22757 | Orc:1    | Entered Level 1 of the Orcish Mines
 22761 | Orc:1    | Found Luko's Magic Scroll Shop.
 22765 | Orc:1    | Bought a scroll of poison for 48 gold pieces
 22765 | Orc:1    | Bought a scroll of fear for 48 gold pieces
 22765 | Orc:1    | Bought a scroll of magic mapping for 90 gold pieces
 22765 | Orc:1    | Bought 2 scrolls of teleportation for 72 gold pieces
 22765 | Orc:1    | Bought a scroll of identify for 24 gold pieces
 22765 | Orc:1    | Bought a scroll of identify for 24 gold pieces
 22765 | Orc:1    | Bought a scroll of enchant weapon for 90 gold pieces
 22765 | Orc:1    | Bought a scroll of fear for 48 gold pieces
 22765 | Orc:1    | Bought a scroll of fear for 48 gold pieces
 23035 | Orc:1    | Found Inopnoez's Book Shop.
 23119 | Orc:1    | Found Heaceo's Weapon Shoppe.
 23163 | Orc:1    | Found a transporter.
 23168 | Orc:1    | Noticed an orc warlord
 23172 | Orc:1    | Found a transporter.
 23175 | Orc:1    | Found Quor's Armour Shop.
 23221 | Orc:1    | Reached ****** piety under Qazlal
 23221 | Orc:1    | Mangled by an orc knight

Illustrated notes

Levels and vault maps discovered:
D:1:      kilobyte_arrival_exit_the_forest, layout_basic,
          chequers_serial_rivers_micro_b
D:2:      layout_loops_ring, serial_aquarium, aquarium_bridge_straight
          [aquarium_subvault_bridge, aquarium_subvault_window,
          aquarium_subvault_bridge, aquarium_subvault_wall],
          aquarium_bridge_long_joined [aquarium_subvault_wall,
          aquarium_subvault_window, aquarium_subvault_wall,
          aquarium_subvault_bridge, aquarium_subvault_wall,
          aquarium_subvault_bridge], aquarium_window_fake, aquarium_window_fake,
          aquarium_view_2g, aquarium_view_2d, aquarium_balcony_3b,
          aquarium_pool_2
D:3:      layout_loops_ring, kennysheep_vampire_church, old_standard_altar,
          nicolae_ecumenical_oubliette
D:4:      cheibrodos_thug_alley, layout_layer_cave, makhleb_heckhound_becter,
          minivault_4, uniq_edmund
D:5:      layout_loops_ring, minmay_temple_entry_mist, serial_co_window_serial,
          co_window_paths_b, co_window_paths_a, co_window_paths_b,
          co_window_corner_a, co_window_paths_a, co_window_paths_b,
          co_window_corner_a, co_window_broadway_b, co_window_broadway_a,
          co_window_unsneaky_path_c, co_window_unsneaky_path_b,
          co_window_paths_c, co_window_unsneaky_path_b, co_window_broadway_b,
          glass_columns_b, hangedman_abyss_or_decor_passed, dk_noncrumbling_3,
          minivault_27
D:6:      layout_rooms, nemelex_spade_bored_becter,
          gammafunk_temple_overflow_wave, hellmonk_ghost_happy_afterlife,
          uniq_prince_ribbit1, uniq_grinder
D:7:      layout_basic, gammafunk_temple_overflow_statue, serial_shops,
          nicolae_shop_hallway_stairs, enter_ossuary_4,
          minmay_misc_feat_encased, uniq_pikel
D:8:      layout_basic, lemuel_tele_altar, nicolae_elyvilon_peaceful_grove,
          david_lair_shrubbed, uniq_erica
D:9:      layout_rooms, uniq_maurice
D:10:     layout_rooms, grunt_ashenzari_visionary
          [grunt_ashenzari_visionary_shoals, grunt_ashenzari_visionary_spider],
          grunt_dithmenos_smoke
Temple:   nicolae_temple_bog_church
Lair:1:   layout_regular_city, nicolae_volcano_entry_vermiform
Lair:2:   layout_small_grid, elwin_shoals_entry_rooms, spider_nest_entry_webs,
          portal_ice_cave_entry_pillars_2, serial_bayou_lagoon_a,
          chequers_serial_rivers_room_a, eino_house_with_fridge,
          lemuel_fruit_fields
Lair:3:   layout_chaotic_city, gammafunk_ghost_icy, beast_lair_carwin_2
Lair:4:   layout_regular_city, slime_entry_1
Lair:5:   hangedman_lair_tendril_chambers, layout_regular_city, wormcave,
          nicolae_lair_liquid_snakes
Orc:1:    gammafunk_beogh_shrine, layout_diamond_mine, serial_shops,
          nicolae_shop_behind_doors, nicolae_shop_stone,
          nicolae_shop_bloodbath_and_beyond, nicolae_shop_hallway_plus,
          nicolae_shop_crystal, basic_altar

Skill      XL: |  1  2  3  4  5  6  7  8  9 10 11 12 13 14 |
---------------+-------------------------------------------+-----
Fighting       | 4 5 10 | 10.0
Maces & Flails | 3 4 5 6 8 10 11 12 | 12.0
Armour         | 4 5 8 10 | 10.0
Dodging        | 2 4 5 6 8 |  8.8
Invocations    | 5 8 11 13 15 | 15.2
Evocations     | 5 8 10 | 10.4
Shields        | |  3.4

Action                   |  1- 3 |  4- 6 |  7- 9 | 10-12 | 13-15 || total
-------------------------+-------+-------+-------+-------+-------++-------
Melee: Flail             |   123 |   102 |   419 |   673 |   608 ||  1925
Invok: Upheaval          |       |       |       |     5 |     4 ||     9
       Disaster Area     |       |       |       |       |     2 ||     2
Evoke: Wand              |       |       |       |       |     6 ||     6
  Use: Scroll            |     6 |       |    12 |    12 |     3 ||    33
       Potion            |     2 |       |     1 |     3 |     1 ||     7
 Stab: Invisible         |       |       |       |       |     3 ||     3
Armor: Scale mail        |    58 |    70 |   225 |    98 |       ||   451
       Chain mail        |       |       |       |    54 |       ||    54
       Plate armour      |       |       |       |   147 |   316 ||   463
Dodge: Dodged            |    63 |    69 |   214 |   224 |   184 ||   754
       Repelled          |       |       |       |     1 |     4 ||     5
Block: Buckler           |    16 |    18 |    80 |   229 |   292 ||   635
